 Dungeon Sprint DCSS version 0.30-a0-596-g0af90f9a20 (webtiles) character file.

Game seed: 8563815328808150943

61 rocky1 the Digger (level 3, -1/19 HPs)
             Began as a Deep Elf Earth Elementalist on Jan 7, 2023.
             Slain by a water elemental (15 damage)
             ... in the Dungeon (Sprint III: "The Ten Rune Challenge").
             The game lasted 00:01:25 (243 turns).

rocky1 the Digger (Deep Elf Earth Elementalist)      Turns: 243, Time: 00:01:25

Health: -1/19      AC:  2    Str:  5    XL:     3   Next: 83%
Magic:  9/12       EV: 12    Int: 21    God:
Gold:   31         SH:  0    Dex: 15    Spells: 10/14 levels left

rFire   . . .      SeeInvis .    (no weapon)
rCold   . . .      Faith    .    (no shield)
rNeg    . . .      Spirit   .    a - +0 robe
rPois   .          Reflect  .    (no helmet)
rElec   .          Harm     .    (no cloak)
rCorr   .          Rampage  .    (no gloves)
Will    .....      NoTele   +    (no boots)
Stlth   ++                       (no amulet)
HPRegen 0.23/turn                (no ring)
MPRegen 0.13/turn                (no ring)

@: no status effects
A: no striking features
a: no special abilities


You were in the Dungeon.
You visited 1 branch You collected 31 gold pieces.

Inventory:

Armour
 a - a +0 robe (worn)
Scrolls
 g - a scroll of blinking
 i - a scroll of poison {unknown}
 j - a scroll of fog {unknown}
 m - a scroll of torment {unknown}
 n - a scroll of identify {unknown}
Potions
 b - 3 potions of magic
 c - a potion of curing
 d - a potion of heal wounds
 e - a potion of haste
 f - a potion of berserk rage
 h - 3 potions of mutation {unknown}
 k - a potion of lignification {unknown}
 l - 2 potions of flight {unknown}


   Skills:
 - Level 2.4 Dodging
 - Level 2.4 Stealth
 + Level 6.1 Spellcasting
 + Level 2.1 Conjurations
 - Level 1.1 Transmutations
 * Level 7.2 Earth Magic


You had 10 spell levels left.
You knew the following spells:

 Your Spells              Type           Power      Damage    Failure   Level
a - Sandblast             Erth           74%        2d16      1%          1
b - Stone Arrow           Conj/Erth      52%        3d10      4%          3

Your spell library contained the following spells:

 Spells                   Type           Power      Damage    Failure   Level
 Passwall                 Tmut/Erth      20%        N/A       2%          2
 Petrify                  Tmut/Erth      24%        N/A       17%         4


Dungeon Overview and Level Annotations

Branches:
Dungeon (1/1)

Altars:


Message History

n - a scroll labelled HIT LIANOI;
h - 3 black potions (gained 1)
l - 2 glowing clear potions (gained 1)
You now have 31 gold pieces (gained 16).
There is an open door here.
Okay, then.
Okay, then.
You enter the shallow water.
Moving in this stuff is going to be slow.
You enter the shallow water.
Moving in this stuff is going to be slow.
You open the door.
A water elemental comes into view.
Aiming: Sandblast (safe; 1% risk of failure)
Press: ? - help, Q - select action Shift-Dir - straight line, f - water elemental
Aim: a water elemental (dormant, 100% to hit)
The blast of sand hits the water elemental!
The water elemental is moderately damaged.
Aiming: Sandblast (safe; 1% risk of failure)
Press: ? - help, Q - select action Shift-Dir - straight line, f/p - water elemental
Aim: a water elemental (moderately damaged, 90% to hit)
The blast of sand hits the water elemental.
The water elemental is heavily damaged.
The water elemental hits you.
The water elemental engulfs you in water!
You cannot cast spells while unable to breathe!
You cannot cast spells while unable to breathe!
Unknown command.
You slip free of the water engulfing you.
Your lungs strain for air!
The water elemental closely misses you.
You slip free of the water engulfing you.
You gasp with relief as air once again reaches your lungs.
Aiming: Sandblast (safe; 1% risk of failure)
Press: ? - help, Q - select action Shift-Dir - straight line, f/p - water elemental
Aim: a water elemental (heavily damaged, 90% to hit)
The blast of sand hits the water elemental!
The water elemental is almost destroyed.
The water elemental hits you!
Ouch! That really hurt!
You die...

▓▓▓▓▓▓▓▓▓▓▓▓ ▓▓▓
<.#..'.....♣ ♣.#
..#..#....♣♣♣ ♣.#
#'####......♣ ..#
.....#....~.♣♣♣♣.###+#+#
.....#...~~.♣..♣.#......
....(#..~~~~♣♣.♣.'.⌠....
####'#..~≈≈~~~.♣E#...###
....)#.~~≈~~~...@# ⌠.#
.†...#.~≈~~~.....# .#
.....#.~~~.......# #
'#####...........#
........†........#
▓▓▓▓▓▓▓▓▓▓▓▓▓▓▓▓▓▓


You could see a water elemental.

Vanquished Creatures
  Jessica (D)
  A human (D)
  A wolf (D)
  An endoplasm (D)
  2 rats (D)
6 creatures vanquished.

Vanquished Creatures (others)
  2 plants (D)
2 creatures vanquished.

Grand Total: 8 creatures vanquished

Notes
Turn   | Place    | Note
-------+----------+-------------------------------------------
     0 | D        | rocky1 the Deep Elf Earth Elementalist began the quest for
                  | the Orb.
     0 | D        | Reached XP level 1. HP: 10/10 MP: 6/6
    15 | D        | Reached skill level 4 in Earth Magic
    46 | D        | Noticed Jessica
    48 | D        | Killed Jessica
    49 | D        | Reached skill level 5 in Spellcasting
    49 | D        | Reached skill level 6 in Earth Magic
    49 | D        | Reached XP level 2. HP: 8/15 MP: 6/10
    82 | D        | Reached XP level 3. HP: 19/19 MP: 9/11
    86 | D        | Learned a level 3 spell: Stone Arrow
   113 | D        | Reached skill level 1 in Conjurations
   150 | D        | Reached skill level 7 in Earth Magic
   238 | D        | Noticed a water elemental
   243 | D        | Slain by a water elemental

Illustrated notes

Levels and vault maps discovered:
D:        dungeon_sprint_mu [sprint_mu_entry_forest, sprint_mu_temple_rooms,
          sprint_mu_d1_spiders, sprint_mu_d2_genie, sprint_mu_d3_branching,
          sprint_mu_orc_legion, sprint_mu_elf_gauntlet, sprint_mu_hive_nellie,
          sprint_mu_lair_fedhas, sprint_mu_vaults_butterflies,
          sprint_mu_slime_circle, sprint_mu_swamp_cave, sprint_mu_shoals_kraken,
          sprint_mu_blade_basic, sprint_mu_crypt_chambers,
          sprint_mu_tomb_spiral, sprint_mu_vestibule_basic,
          sprint_mu_gehenna_hellfire, sprint_mu_dis_giant,
          sprint_mu_tartarus_statrot, sprint_mu_cocytus_islands, sprint_mu_zot1]

Skill      XL: |  1  2  3 |
---------------+----------+-----
Earth Magic    | 6 7 |  7.2
Spellcasting   | 5 6 |  6.1
Conjurations   | 2 |  2.1
Dodging        | |  2.4
Stealth        | |  2.4
Transmutations | |  1.1

Action                   || total
-------------------------++-------
 Cast: Sandblast         ||    15
Armor: Robe              ||     1
Dodge: Dodged            ||     1

Table legend: (Time is in decaauts)
 A = Elapsed time spent in this place.
 B = Non-inter-level travel time spent in this place.
 C = Inter-level travel time spent in this place.
 D = Time resting spent in this place.
 E = Time spent auto-exploring this place.
 F = Levels seen in this place.
 G = Mean time per level.
                   A        B        C        D        E       F      G
               +--------+--------+--------+--------+--------+-----+--------+
         Total |    252 |    252 |      0 |    146 |     14 |   1 |  252.0 |
       Dungeon |    252 |    252 |      0 |    146 |     14 |   1 |  252.0 |
               +--------+--------+--------+--------+--------+-----+--------+

Top non-repeatable levels by time:
       D: 252 daAuts
